Map: Prion Terraces

Players

Akasha

  • Race: Terran Terran
  • League: Master

lllllllll (Probe) - Winner!

  • Race: Protoss Protoss
  • League: Master

VOD

Have the link to the VOD?

Description

Time

  • Played on: Feb. 21, 2016, 12:16 a.m.
  • Length: 11:23
Show
View Real Time Build Order
Export as new Build Order

Akasha Terran 

Build Orders: Reaper Expand, MMM Bio 

Get SALT Encoding   

  12  0:00  SCV  
  13  0:13  SCV  
  14  0:17  Supply Depot  
  14  0:25  SCV  
  15  0:39  SCV  
  15  0:41  Barracks  
  16  0:44  Refinery  
  16  0:51  SCV  
  17  1:03  SCV  
  18  1:15  SCV  
  19  1:28  Orbital Command  
  19  1:29  Reaper  
  20  1:43  Command Center  
  20  1:54  Supply Depot  
  20  1:56  SCV  
  21  2:03  Barracks Reactor  
  21  2:08  SCV  
  22  2:13  Barracks  
  22  2:17  Barracks  
  22  2:21  SCV  
  23  2:33  SCV  
  24  2:41  Marine x2  
  24  2:42  Bunker  
  26  2:45  SCV  
  27  2:57  Orbital Command  
  27  2:59  Marine x2  
  27  3:03  Barracks Tech Lab  
  27  3:04  Marine  
  30  3:08  SCV  
  31  3:17  Marine x2  
  33  3:20  SCV  
  33  3:22  Stimpack, Marine  
  33  3:23  Marauder  
  33  3:26  Supply Depot  
  33  3:27  SCV  
  38  3:34  SCV  
  38  3:35  Marine x2  
  38  3:39  SCV  
  38  3:40  Barracks Tech Lab  
  42  3:45  Supply Depot  
  42  3:46  SCV  
  43  3:50  Marauder  
  43  3:53  Marine x2  
  43  3:54  Engineering Bay  
  47  3:58  SCV  
  47  4:02  Refinery  
  48  4:04  Combat Shields  
  48  4:07  SCV  
  49  4:14  SCV  
  49  4:16  Marine x2  
  53  4:17  Marauder  
  53  4:22  Supply Depot  
  53  4:23  SCV  
  53  4:24  Refinery  
  54  4:25  Marauder  
  54  4:26  SCV  
  57  4:31  Supply Depot  
  57  4:34  Marine x2  
  57  4:35  SCV  
  60  4:40  Marauder  
  60  4:42  Refinery  
  60  4:45  Supply Depot, SCV  
  63  4:49  Marauder  
  63  4:52  Marine x2  
  67  4:55  SCV  
  67  4:57  SCV  
  69  5:01  Marauder  
  69  5:06  Missile Turret  
  71  5:12  Marine x2  
  71  5:13  Marine  
  74  5:17  Factory  
  74  5:18  Supply Depot  
  74  5:21  Terran Infantry Weapons Level 1  
  74  5:23  Barracks  
  74  5:27  Barracks  
  74  5:32  Marauder x2  
  74  5:33  Concussive Shells  
  75  5:54  Marine x2  
  75  5:55  Marauder x2  
  75  6:00  SCV  
  75  6:02  SCV  
  71  6:05  Factory Reactor  
  71  6:07  Starport  
  64  6:12  Marine  
  64  6:16  Marauder x2, Barracks Tech Lab  
  64  6:17  Barracks Reactor  
  65  6:31  SCV x2  
  67  6:33  Marine x2  
  67  6:36  Command Center  
  67  6:38  Marauder x2  
  73  6:41  Marauder  
  75  6:52  Factory Tech Lab  
  75  6:53  Marine x3  
  77  6:54  Medivac, Marine  
  77  6:55  Medivac  
  77  6:58  SCV x2  
  83  7:10  SCV x2  
  84  7:19  Marauder x2  
  84  7:20  Siege Tank, Marine x3  
  94  7:26  Supply Depot, Medivac x2, Marine  
  94  7:27  Marauder, SCV  
  94  7:29  Supply Depot  
  102  7:31  Terran Infantry Armor Level 1  
  102  7:42  Supply Depot  
  102  7:44  Marauder x2, Marine x2  
  108  7:55  Siege Tank  
  108  7:57  Orbital Command  
  111  7:59  Medivac  
  111  8:02  Medivac  
  114  8:07  Marine  
  114  8:08  Missile Turret  
  114  8:10  SCV  
  113  8:13  SCV  
  113  8:17  Marauder x2  
  113  8:22  SCV  
  113  8:23  SCV  
  113  8:25  SCV  
  102  8:35  SCV x2  
  102  8:36  Marine  
  102  8:37  Marine  
  102  8:38  SCV  
  98  8:47  SCV x2  
  89  8:49  Marine  
  89  8:50  SCV  
  91  8:57  Liberator  
  91  8:58  Liberator  
  91  8:59  SCV x2  
  91  9:02  Siege Tank, SCV  
  99  9:11  SCV x2  
  105  9:17  SCV  
  105  9:23  SCV x2  
  108  9:26  Marine x4  
  108  9:27  Supply Depot  
  112  9:32  Armory  
  112  9:34  Siege Tank, SCV  
  112  9:36  Marauder  
  112  9:37  Marine  
  119  9:38  Marine  
  119  9:40  Liberator x2  
  120  9:49  Marine x4  
  123  9:55  Marauder  
  131  10:02  SCV  
  131  10:04  SCV  
  131  10:06  Marine  
  128  10:07  SCV  
  122  10:17  Marauder  
  122  10:21  SCV  
  121  10:22  Marine x3  
  121  10:23  SCV  
  121  10:26  Siege Tank  
  121  10:28  SCV  
  123  10:33  SCV  
  123  10:34  Marauder x2, Marine  
  129  10:40  SCV  
  129  10:41  Supply Depot  
  131  10:52  Marine  
  131  10:55  Marine  
  132  10:57  Marine x2  
  132  11:02  Marine  
  132  11:03  SCV  
  130  11:04  SCV  
  130  11:07  SCV  
Show
View Real Time Build Order
Export as new Build Order

lllllllll Protoss - Winner!

Build Orders: 1 Gate Expand, Double Forge, Blink Stalkers 

Get SALT Encoding   

  12  0:01  Probe (Chrono Boost)  
  13  0:11  Probe (Chrono Boost)  
  14  0:18  Pylon  
  14  0:22  Probe (Chrono Boost)  
  15  0:36  Probe (Chrono Boost)  
  15  0:39  Gateway  
  16  0:47  Probe (Chrono Boost)  
  17  0:51  Assimilator  
  17  0:57  Probe (Chrono Boost)  
  18  1:08  Probe (Chrono Boost)  
  19  1:19  Nexus  
  19  1:23  Probe (Chrono Boost)  
  20  1:32  Cybernetics Core  
  20  1:35  Probe (Chrono Boost)  
  21  1:43  Assimilator  
  21  1:45  Probe (Chrono Boost)  
  22  1:52  Pylon  
  22  1:56  Probe (Chrono Boost)  
  23  2:11  Mothership Core (Chrono Boost)  
  25  2:17  Stalker  
  27  2:27  Warp Gate  
  27  2:29  Probe (Chrono Boost)  
  28  2:33  Probe (Chrono Boost)  
  29  2:40  Probe (Chrono Boost)  
  29  2:43  Probe (Chrono Boost)  
  31  2:47  Stalker  
  31  2:50  Probe (Chrono Boost)  
  34  2:54  Probe (Chrono Boost)  
  34  2:56  Twilight Council  
  35  3:01  Probe (Chrono Boost)  
  35  3:04  Probe (Chrono Boost)  
  37  3:11  Probe (Chrono Boost)  
  38  3:13  Gateway  
  38  3:14  Gateway  
  38  3:15  Probe (Chrono Boost)  
  39  3:22  Probe (Chrono Boost)  
  39  3:25  Probe (Chrono Boost)  
  39  3:26  Blink (Chrono Boost)  
  41  3:30  Pylon  
  41  3:34  Probe x2  
  43  3:42  Robotics Facility  
  43  3:46  Probe x2  
  45  3:52  Pylon  
  45  3:56  Probe, Assimilator  
  45  3:57  Assimilator  
  45  3:59  Probe  
  45  4:01  Pylon  
  47  4:07  Probe  
  48  4:11  Probe  
  49  4:22  Forge  
  49  4:23  Probe, Forge  
  50  4:24  Probe  
  51  4:32  Observer (Chrono Boost)  
  51  4:33  Stalker x2  
  51  4:34  Stalker  
  58  4:42  Pylon  
  58  4:45  Pylon  
  59  4:53  Observer (Chrono Boost)  
  59  4:56  Protoss Ground Weapons Level 1, Protoss Ground Armor Level 1  
  59  5:00  Nexus  
  59  5:02  Pylon  
  59  5:03  Stalker x2  
  59  5:05  Resonating Glaives  
  63  5:09  Stalker  
  63  5:13  Observer (Chrono Boost)  
  66  5:25  Pylon  
  66  5:30  Gateway x2  
  66  5:31  Warp Prism (Chrono Boost)  
  66  5:33  Adept  
  66  5:34  Sentry  
  72  5:40  Adept  
  74  5:45  Pylon  
  72  5:56  Adept  
  72  5:57  Adept  
  67  6:02  Adept  
  64  6:09  Probe  
  63  6:18  Observer (Chrono Boost)  
  62  6:20  Probe  
  62  6:22  Probe x2  
  62  6:25  Gateway x2  
  65  6:26  Sentry  
  65  6:27  Sentry x2  
  65  6:31  Adept x2, Probe  
  75  6:34  Probe x2  
  78  6:40  Pylon  
  78  6:41  Mothership Core  
  78  6:43  Pylon  
  78  6:46  Probe x2, Pylon  
  82  6:55  Immortal (Chrono Boost)  
  82  6:56  Stalker x2  
  82  6:58  Probe x2  
  92  7:03  Adept x3  
  98  7:13  Probe  
  99  7:20  Stalker x2  
  99  7:22  Probe x2  
  101  7:25  Probe  
  102  7:34  Probe x2, Protoss Ground Armor Level 2 (Chrono Boost), Protoss Ground Weapons Level 2 (Chrono Boost)  
  102  7:35  Assimilator x2  
  104  7:37  Probe  
  104  7:39  Adept x2  
  104  7:40  Adept x2  
  113  7:46  Probe  
  113  7:47  Probe  
  113  7:48  Adept x3  
  113  7:49  Probe  
  122  8:04  Nexus  
  122  8:05  Adept x3  
  128  8:07  Adept  
  128  8:15  Adept x4  
  134  8:28  Warp Prism  
  131  8:35  Robotics Bay  
  129  8:45  Stalker x7  
  139  8:52  Pylon  
  139  8:54  Pylon  
  137  8:59  Immortal  
  135  9:04  Charge  
  139  9:18  Assimilator  
  139  9:20  Assimilator  
  139  9:21  Adept x4  
  147  9:31  Colossus  
  153  9:56  Adept x6  
  153  9:57  Adept  
  165  10:18  Colossus  
  157  10:32  Gateway x2, Adept x7  
  157  10:35  Gateway  
  171  10:50  Nexus  
  171  10:55  Adept x4  
  171  11:17  Stalker  
  171  11:18  Stalker x6  
Tags
 
Add a new tag
Caveats
  • Supply blocks, unpowered buildings, or Contaminate may cause inaccurate times.
  • Supply counts are checked every 10 seconds.